 Dungeon Crawl Stone Soup version 0.22.1-6-g1668fe2 (webtiles) character file.

1399 Inchmeat the Cleaver (level 8, 0/66 HPs)
             Began as a Hill Orc Monk on Feb 3, 2019.
             Was a Priest of Makhleb.
             Slain by a manticore (5 damage)
             ... on level 6 of the Dungeon.
             The game lasted 00:10:41 (6634 turns).

Inchmeat the Cleaver (Hill Orc Monk)                Turns: 6634, Time: 00:10:41

Health: 0/66       AC: 13    Str: 16    XL:     8   Next: 69%
Magic:  10/10      EV:  8    Int: 10    God:    Makhleb [***...]
Gold:   383        SH:  0    Dex: 18    Spells: 7/7 levels left

rFire    . . .     SeeInvis .   a - +0 hand axe
rCold    . . .     Gourm    .   (no shield)
rNeg     . . .     Faith    +   g - +2 chain mail
rPois    .         Spirit   .   u - +0 helmet "Sucro" {*Contam +Inv MR+}
rElec    .         Reflect  .   d - +0 cloak (curse)
rCorr    .         Harm     .   B - +0 pair of gloves
MR       +....                  (no boots)
Stlth    ..........             w - amulet of faith
HPRegen  0.21/turn              i - +5 ring of dexterity
MPRegen  0.12/turn              (no ring)

@: no status effects
A: no striking features
a: Minor Destruction, Lesser Servant of Makhleb, Renounce Religion, Evoke
Invisibility


You were on level 6 of the Dungeon.
You worshipped Makhleb.
Makhleb was most pleased with you.
You were hungry.

You visited 2 branches of the dungeon, and saw 8 of its levels.

You collected 383 gold pieces.

Inventory:

Hand Weapons
 a - a +0 hand axe (weapon)
 k - a +0 arbalest
 o - a +1 dagger of speed
Armour
 d - a cursed +0 cloak (worn)
 g - a +2 chain mail (worn)
 u - the +0 helmet "Sucro" (worn) {*Contam +Inv MR+}
   (You found it on level 4 of the Dungeon)

   It affects your resistance to hostile enchantments.
   It lets you turn invisible.
   It causes magical contamination when unequipped.
 B - a +0 pair of gloves (worn)
Jewellery
 i - a +5 ring of dexterity (left hand)
 w - an amulet of faith (around neck)
Wands
 m - a wand of iceblast (20)
Scrolls
 b - a scroll of acquirement {unknown}
 p - 3 scrolls of identify
 q - a scroll of fog
 r - 2 scrolls of teleportation
 t - 3 scrolls of magic mapping
 y - a scroll of remove curse
Potions
 e - 2 potions of curing
 f - a potion of heal wounds {unknown}
 h - 2 potions of brilliance
 j - 2 potions of invisibility {unknown}
 l - a potion of agility {unknown}
 n - a potion of cancellation {unknown}
 s - a potion of mutation {unknown}
 v - a potion of lignification {unknown}
 x - a potion of haste {unknown}
 z - a potion of flight {unknown}
 A - a potion of might {unknown}
Comestibles
 c - 10 rations


   Skills:
 - Level 4.0 Fighting
 + Level 12.1 Axes
 - Level 0.3 Armour
 + Level 3.9 Dodging
 - Level 2.0 Stealth
 - Level 3.0 Invocations


You had 7 spell levels left.
You didn't know any spells.
Your spell library contained the following spells:

 Spells                   Type           Power        Failure   Level  Hunger
 Animate Skeleton         Necr           N/A          100%        1    ##.....
 Apportation              Tloc           #.....       100%        1    ##.....
 Confusing Touch          Hex            #.....       100%        1    ##.....
 Summon Small Mammal      Summ           #...         100%        1    ##.....


Dungeon Overview and Level Annotations

Branches:
Dungeon (7/15)             Temple (1/1) D:4

Altars:
Ashenzari
Cheibriados
Dithmenos
Gozag
Kikubaaqudgha
Makhleb
Okawaru
Ru
Sif Muna
Uskayaw
Wu Jian
Xom
The Shining One

Shops:
D:4 =

Annotations:
D:5 1 runed door, metrokoi's ghost, novice BaSu


Message History

The hound zombie bites you but does no damage.
The manticore misses you. The manticore claws you! The manticore claws you.
You hit the hound zombie.
The hound zombie is severely damaged.
You barely miss the manticore.
The hound zombie bites you but does no damage.
Unknown command.
A demon appears!
The manticore barely misses you. The manticore claws you!
The manticore claws you but does no damage.
The hound zombie bites you but does no damage.
Your orange demon barely misses the hound zombie.
There is a stone staircase leading up here.
The crimson imp blinks!
Your orange demon stings the hound zombie from afar.
You climb upwards.
There is a stone staircase leading down here.
A demon appears!
The manticore bites you!
* * * LOW HITPOINT WARNING * * *
The manticore claws you.
You die...

#..........# #.#.
####.......(..# #.#.
#.............# #.#.
#......######## #.#[
#......# #.#.
#......###### #.#.
#....4.#....# #.#.
#.....##....######.#.
#...@.'.....+........
#...H.##....######.##
#[....##....# #.##
########....# #...
###### ####


You could see a manticore and a friendly orange demon.

Vanquished Creatures
  3 ice beasts (D:6)
  An ogre (D:4)
  A bullfrog (D:6)
  5 scorpions (D:6)
  2 crimson imps
  3 hounds
  4 orc wizards
  2 centaur skeletons (D:6)
  An orc priest (D:5)
  An iguana (D:2)
  4 worker ants
  A hound skeleton (D:4)
  A howler monkey skeleton (D:4)
  A gnoll (D:1)
  8 adders
  A shadow imp (D:6)
  2 oozes
  An adder zombie (D:5)
  5 worms
  A dart slug (D:1)
  4 leopard geckos
  13 orcs
  A ball python (D:3)
  7 giant cockroaches
  11 goblins
  8 hobgoblins
  4 jackals
  5 kobolds
  3 quokkas
  16 bats
  8 frilled lizards
  2 jackal skeletons
  A leopard gecko skeleton (D:4)
  2 rats
  A fungus (D:6)
134 creatures vanquished.

Vanquished Creatures (others)
  A plant (D:1)
1 creature vanquished.

Grand Total: 135 creatures vanquished

Notes
Turn   | Place    | Note
-------+----------+-------------------------------------------
     0 | D:1      | Inchmeat the Hill Orc Monk began the quest for the Orb.
     0 | D:1      | Reached XP level 1. HP: 19/19 MP: 1/1
   163 | D:1      | Reached XP level 2. HP: 15/27 MP: 2/2
   692 | D:1      | Reached XP level 3. HP: 29/33 MP: 3/3
  1330 | D:2      | Reached skill level 5 in Axes
  1500 | D:2      | Reached XP level 4. HP: 30/40 MP: 4/4
  2000 | D:2      | Reached skill level 6 in Axes
  2312 | D:2      | Found a faded altar of an unknown god.
  2370 | D:3      | Reached XP level 5. HP: 37/46 MP: 5/5
  2819 | D:3      | Reached skill level 7 in Axes
  3364 | D:4      | Reached XP level 6. HP: 41/52 MP: 6/6
  3550 | D:4      | Reached skill level 8 in Axes
  3863 | D:4      | Found a staircase to the Ecumenical Temple.
  3908 | Temple   | Entered the Ecumenical Temple
  3935 | Temple   | Became a worshipper of Makhleb the Destroyer
  3935 | Temple   | Reached * piety under Makhleb
  3935 | Temple   | Reached ** piety under Makhleb
  3981 | D:4      | Found a hide-covered altar of Uskayaw.
  4075 | D:4      | Found a glowing golden altar of the Shining One.
  4109 | D:4      | Reached skill level 1 in Invocations
  4109 | D:4      | Reached XP level 7. HP: 32/59 MP: 7/7
  4309 | D:4      | Got a steaming helmet
  4315 | D:4      | Identified the +0 helmet "Sucro" {*Contam +Inv MR+} (You
                  | found it on level 4 of the Dungeon)
  4421 | D:4      | Found Senkuwah's Jewellery Emporium.
  4481 | D:5      | Entered Level 5 of the Dungeon
  4676 | D:5      | Reached skill level 9 in Axes
  4884 | D:5      | Found a runed door.
  4886 | D:5      | Noticed metrokoi's ghost (novice BaSu)
  4911 | D:5      | Found a shimmering altar of Xom.
  5564 | D:6      | Reached skill level 10 in Axes
  5607 | D:6      | Reached XP level 8. HP: 11/66 MP: 10/10
  6173 | D:6      | Reached skill level 11 in Axes
  6295 | D:6      | Reached *** piety under Makhleb
  6329 | D:6      | Found the +7 Singing Sword
  6441 | D:6      | Reached skill level 12 in Axes
  6613 | D:7      | Noticed a manticore
  6634 | D:6      | Slain by a manticore

Skill      XL: |  1  2  3  4  5  6  7  8 |
---------------+-------------------------+-----
Fighting       | 4 |  4.0
Axes           | 5 6 7 8 10 12 | 12.1
Stealth        | 2 |  2.0
Dodging        | 3 |  3.9
Invocations    | 1 3 |  3.0
Armour         | |  0.3

Action                   |  1- 3 |  4- 6 |  7- 9 || total
-------------------------+-------+-------+-------++-------
Melee: Hand axe          |    96 |   335 |   316 ||   747
Invok: Lesser Servant of |       |       |     2 ||     2
  Use: Scroll            |     5 |     2 |     4 ||    11
       Potion            |       |       |     3 ||     3
 Stab: Sleeping          |     5 |       |       ||     5
       Distracted        |     1 |       |       ||     1
  Eat: Chunk             |     1 |     9 |     5 ||    15
       Ration            |       |       |     1 ||     1
Armor: Leather armour    |    27 |       |       ||    27
       Chain mail        |     3 |   188 |   176 ||   367
Dodge: Dodged            |    67 |   111 |   130 ||   308
